 Dungeon Crawl Stone Soup version 0.21.0-24-g2553a3340b (webtiles) character file.

9 Krosko the Sneak (level 2, 0/13 HPs)
             Began as a Spriggan Enchanter on Jan 21, 2018.
             Slain by a kobold
             ... wielding a +0 dagger
              (4 damage)
             ... on level 1 of the Dungeon.
             The game lasted 00:02:38 (409 turns).

Krosko the Sneak (Spriggan Enchanter)                Turns: 409, Time: 00:02:39

Health: 0/13       AC:  2    Str:  4    XL:     2   Next: 3%
Magic:  1/7        EV: 18    Int: 16    God:
Gold:   29         SH:  0    Dex: 16    Spells: 4/7 levels left

rFire    . . .     SeeInvis +   a - +1 dagger
rCold    . . .     Gourm    .   (shield restricted)
rNeg     . . .     Faith    .   b - +0 robe
rPois    .         Spirit   .   (helmet restricted)
rElec    .         Reflect  .   (no cloak)
rCorr    .         Harm     .   (gloves unavailable)
MR       .....                  (boots unavailable)
Stlth    +++.......             (no amulet)
HPRegen  0.04/turn              (no ring)
MPRegen  0.10/turn              (no ring)

@: very quick
A: very small, unfitting armour, see invisible, herbivore, speed 3, slow
metabolism 2
a: no special abilities


You were on level 1 of the Dungeon.
You were not hungry.

You visited 1 branch of the dungeon, and saw 1 of its levels.

You collected 29 gold pieces.

Inventory:

Hand Weapons
 a - a +1 dagger (weapon)
Armour
 b - a +0 robe (worn)
Jewellery
 e - an uncursed ring of magical power {unknown}
Scrolls
 h - a scroll of teleportation {unknown}
 i - a scroll of identify {unknown}
Potions
 f - a potion of resistance {unknown}
 g - a potion of curing {unknown}
Books
 c - a book of Maledictions

   Spells                             Type                      Level
   a - Corona                         Hexes                        1
   b - Ensorcelled Hibernation        Hexes/Ice                    2
   c - Confuse                        Hexes                        3
   d - Tukima's Dance                 Hexes                        3
   e - Dazzling Spray                 Conjuration/Hexes            3
Comestibles
 d - a ration


   Skills:
 - Level 1.1 Short Blades
 - Level 3.0 Dodging
 - Level 4.5 Stealth
 + Level 3.0 Spellcasting
 + Level 4.0 Hexes


You had 4 spell levels left.
You knew the following spells:

 Your Spells              Type           Power        Failure   Level  Hunger
a - Corona                Hex            ###....      3%          1    #......
b - Ensorcelled Hibernat  Hex/Ice        #.....       12%         2    ##.....


Dungeon Overview and Level Annotations

Branches:
Dungeon (1/15)

Altars:


Innate Abilities, Weirdness & Mutations

You are very small and have problems with some larger weapons.
You are too small for most types of armour.
You have supernaturally acute eyesight. (SInv)
You are a herbivore.
You cover ground extremely quickly.
You need consume almost no food.


Message History

The kobold misses you.
You hit the kobold but do no damage. The kobold completely misses you.
You hit the kobold.
The kobold is moderately wounded.
The kobold closely misses you.
You closely miss the kobold.
The kobold is moderately wounded.
The kobold completely misses you.
You hit the kobold but do no damage.
The kobold is moderately wounded.
You hit the kobold.
The kobold is heavily wounded.
The kobold hits you with a dagger.
You barely miss the kobold.
The kobold is heavily wounded.
The kobold misses you.
You hit the kobold but do no damage.
The kobold is heavily wounded.
The kobold hits you with a dagger.
You die...

#.......# ...... #.........
#.......# #... #...?..... ..
#.......####.######.#....... ...
+....................>......
..##...............)####.###.#.
#............##.#.............
#..........(.##.#.........#.##
#............##.#...........#
.###...)........@K..#.#........#
............######..#....#.##..#
........†...# ##.####.#.......
............#######....K.#.......
............#....##......#.......
....###..........##......#.##..##
....####.........##.#.##.# ..#
...#..............#.#.##.# ..
#..............#.#..#.#


You could see a kobold.

Vanquished Creatures
  A giant cockroach (D:1)
  2 goblins (D:1)
  2 hobgoblins (D:1)
  A kobold (D:1)
  A bat (D:1)
7 creatures vanquished.

Notes
Turn   | Place    | Note
-------+----------+-------------------------------------------
     0 | D:1      | Krosko the Spriggan Enchanter began the quest for the Orb.
     0 | D:1      | Reached XP level 1. HP: 9/9 MP: 5/5
   342 | D:1      | Reached XP level 2. HP: 11/13 MP: 7/7
   346 | D:1      | Learned a level 2 spell: Ensorcelled Hibernation
   409 | D:1      | Slain by a kobold

Skill      XL: |  1 |
---------------+----+-----
Spellcasting   | 3 |  3.0
Hexes          | 4 |  4.0
Short Blades   | |  1.1
Dodging        | |  3.0
Stealth        | |  4.5

Action                   || total
-------------------------++-------
Melee: Dagger            ||    62
 Cast: Corona            ||     6
       Ensorcelled Hiber ||     4
 Stab: Sleeping          ||     1
Dodge: Dodged            ||    52
